 Dungeon Crawl Stone Soup version 0.28.0-47-ge53b351184 (webtiles) character file.

Game seed: 10537827199351162643

13649 101zpm the Thaumaturge (level 12, -2/64 HPs)
             Began as a Djinni Fire Elementalist on May 9, 2022.
             Was a Believer of Hepliaklqana.
             Killed by mirror damage (7 damage)
             ... on level 11 of the Dungeon.
             The game lasted 00:35:46 (8898 turns).

101zpm the Thaumaturge (Djinni Fire Elementalist)   Turns: 8898, Time: 00:35:48

Health: -2/64      AC:  5    Str: 16    XL:     12   Next: 35%
Gold:   714        EV: 12    Int: 22    God:    Hepliaklqana [**....] SH:  0 Dex: 12

rFire   + + .      SeeInvis .   D - +9 long sword "Ynworak" {drain, rN+++ Str+9 Dex-2}
rCold   x . .      Faith    .   (no shield)
rNeg    + + +      Spirit   .   J - +0 troll leather armour
rPois   ∞          Reflect  .   (no helmet)
rElec   .          Harm     .   (no cloak)
rCorr   .          Rampage  .   H - +0 pair of gloves
Will    +....                   (boots unavailable)
Stlth   ++........              b - amulet of regeneration
HPRegen 1.80/turn               (no ring)
MPRegen 0.00/turn               (no ring)

@: spiked, flying
A: reduced essence, sickness immunity, fire resistance 2, cold vulnerability 1,
float, innate caster, HP casting, extra vitality 1
a: Renounce Religion, Recall Ancestor, Ancestor Identity


You were on level 11 of the Dungeon.
You worshipped Hepliaklqana.
Hepliaklqana was pleased with you.
You visited 2 branches of the dungeon, and saw 12 of its levels.
You also visited: Sewer.

You collected 714 gold pieces.

Inventory:

Hand Weapons
 D - the +9 long sword "Ynworak" (weapon) {drain, rN+++ Str+9 Dex-2}
   (You found it on level 6 of the Dungeon)

   A truly terrible weapon, it drains the life of any living foe it strikes.
   Str:       It affects your strength (+9).
   Dex:       It affects your dexterity (-2).
   rN:        It renders you almost immune to negative energy.
Missiles
 i - a throwing net
Armour
 a - a +0 robe
 H - a +0 pair of gloves (worn)
 J - a +0 troll leather armour (worn)
Jewellery
 b - an amulet of regeneration (around neck)
 I - a +4 ring of evasion
Wands
 j - a wand of flame (26)
 m - a wand of paralysis (17)
 s - a wand of acid (18)
 E - a wand of digging (5)
Scrolls
 c - 4 scrolls of teleportation
 e - 3 scrolls of torment
 f - 2 scrolls of identify
 k - 2 scrolls of immolation
 l - 2 scrolls of silence
 n - 2 scrolls of magic mapping
 q - 3 scrolls of fog
 r - 2 scrolls of amnesia
 w - 2 scrolls of fear
 x - a scroll of enchant armour
 y - a scroll of summoning
 B - 2 scrolls of vulnerability
Potions
 d - 5 potions of degeneration {unknown}
 g - 5 potions of attraction {unknown}
 h - 5 potions of haste {unknown}
 o - 3 potions of brilliance {unknown}
 p - 6 potions of invisibility {unknown}
 t - 2 potions of cancellation {unknown}
 u - 3 potions of mutation {unknown}
 v - a potion of lignification {unknown}
 z - 4 potions of curing {unknown}
 A - 2 potions of flight {unknown}
 C - a potion of resistance {unknown}
 F - a potion of might {unknown}
 G - 2 potions of heal wounds {unknown}


   Skills:
 + Level 1.0 Fighting
 + Level 0.1 Armour
 + Level 3.2 Dodging
 + Level 4.0 Stealth
 + Level 14.4 Spellcasting


You had 14 spell levels left.
You knew the following spells:

 Your Spells              Type           Power      Damage    Failure   Level
a - Foxfire               Conj/Fire      100%       2x1d9     0%          1
b - Scorch                Fire           100%       2d10      1%          2
c - Conjure Flame         Conj/Fire      68%        6-21      1%          3
d - Inner Flame           Hex/Fire       68%        N/A       1%          3
e - Flame Wave            Conj/Fire      68%        2d13      1%          4
f - Summon Small Mammal   Summ           100%       N/A       0%          1
g - Poisonous Vapours     Pois/Air       100%       N/A       1%          2
h - Wereblood             Tmut           68%        N/A       1%          2
i - Mephitic Cloud        Conj/Pois/Air  68%        N/A       1%          3
j - Dispel Undead         Necr           68%        3d23      1%          4
Your spell library was empty.

Dungeon Overview and Level Annotations

Branches:
Dungeon (11/15)            Temple (1/1) D:7            Lair (0/6) D:8
    Orc (0/2) D:11          Sewer (visited)

Altars:
Ashenzari
Cheibriados
Dithmenos
Elyvilon
Fedhas
Hepliaklqana
Kikubaaqudgha
Makhleb
Nemelex Xobeh
Okawaru
Qazlal
Ru
Sif Muna
Trog
Uskayaw
Vehumet
Wu Jian
Xom
Yredelemnul
Zin
The Shining One
Beogh

Shops:
D:2 :   D:3 =   D:8 =

Annotations:
D:6 3 runed translucent doors, kalagan's ghost, novice DjCj


Innate Abilities, Weirdness & Mutations

Your life essence is reduced to manifest your ancestor. (-10% HP)
You are immune to sickness and miasma.
You are immune to poison.
Your flesh is very heat resistant. (rF++)
You are vulnerable to cold. (rC-)
You float through the air rather than walking.
You learn spells naturally, not from books.
Your magical power is your life essence.
You have superior vitality. (+4 MHP)


Message History

Huemac points at the slime creature and mumbles some strange words.
The puff of frost hits the slime creature!
You hear a sizzling sound!
The slime creature explodes!
The fiery explosion engulfs the large slime creature!!
Flame seeps out of the large slime creature.
The large slime creature is severely wounded.
The fiery explosion engulfs the death knight!!!
The death knight is severely wounded.
The fiery explosion engulfs you. You resist. Huemac avoids your attack.
The fiery explosion engulfs your quokka!!!
You kill your quokka!
Your quokka's corpse disappears in a puff of smoke!
The fiery explosion engulfs your rat!!
You kill your rat!
Your rat's corpse disappears in a puff of smoke!
The death knight reflects your damage back at you!
* * * LOW HITPOINT WARNING * * *
Your Fighting skill increases to level 1!
The barbs in your skin will harm you if you move.
Continue?
The barbed spikes dig painfully into your body as you move.
* * * LOW HITPOINT WARNING * * *
The death knight reflects your damage back at you!
* * * LOW HITPOINT WARNING * * *
The death knight is engulfed in blazing flames.
The death knight hits Huemac with a +1 battleaxe of flaming!!
The death knight burns Huemac.
Huemac is destroyed!
The death knight reflects your damage back at you!
* * * LOW HITPOINT WARNING * * *
The large slime creature is engulfed in blazing flames.
Flame seeps out of the large slime creature.
Casting: Poisonous Vapours (safe; 1% risk of failure)
Confirm with . or Enter, or press ? or * to list all spells.
Flames lash the death knight.
The death knight is almost dead.
The death knight's fire resistance burns away.
* * * LOW HITPOINT WARNING * * *
The death knight reflects your damage back at you!
You die...

#...............
#......#########
#......#.......# .
#......#...))..# :.
#...<..#§v.....# ...
#......###'##### ....
#...............
....§#####...............
....§§J§@................
....§p.§.................
.....§§########..........
....... #.#########
?...... #.# # ......Z #.
# ..>.... # ....... #
.####.. #


You could see a death knight (reflects damage, extremely poisoned, combustible)
and a large slime creature (inner flame).

Vanquished Creatures
  Erolcha (D:9)
  A hydra (D:11)
  A two-headed ogre (D:10)
  A deep elf pyromancer (D:11)
  2 manticores (D:11)
  Maggie (D:8)
  An unseen horror (D:11)
  A kobold demonologist (D:10)
  A troll (D:11)
  A slime creature (shapeshifter) (D:11)
  A slime creature (D:11)
  A vampire (D:6)
  A wraith (D:8)
  2 wyverns
  Eustachio (D:5)
  13 yaks
  4 vampire mosquitoes (D:9)
  2 steam dragons
  A water moccasin (D:6)
  An acid dragon (D:10)
  2 sky beasts
  3 orc warriors
  A black bear (D:8)
  A hornet zombie (D:8)
  An ice beast (D:5)
  3 ogres
  5 centaurs
  2 phantoms
  2 kobold brigands (D:10)
  3 bullfrogs
  A gnoll sergeant (D:5)
  3 scorpions
  A water moccasin skeleton (D:6)
  3 wights (D:9)
  2 howler monkeys
  A hound (D:4)
  6 centaur zombies
  6 jellies
  7 orc priests
  A centaur skeleton (D:7)
  A gnoll shaman (D:5)
  A bullfrog skeleton (D:5)
  6 iguanas
  3 orc wizards
  A killer bee zombie (D:5)
  A hound skeleton (D:4)
  A mummy (D:4)
  A howler monkey zombie (D:10)
  15 gnolls
  16 adders
  4 shadow imps
  A white imp (D:8)
  An ufetubus (D:4)
  3 adder skeletons (D:4)
  5 worms
  A dart slug (D:2)
  28 orcs
  10 endoplasms
  8 giant cockroaches
  7 hobgoblins
  11 kobolds
  2 quokkas
  9 ball pythons
  5 bats
  7 frilled lizards
  8 goblins
  A kobold zombie (D:4)
  3 orc zombies (D:4)
  6 rats
258 creatures vanquished.

Vanquished Creatures (collateral kills)
  A manticore (D:11)
  A centaur zombie (D:11)
  3 slime creatures (D:11)
  An orc warrior (D:11)
  3 orcs (D:11)
  A foxfire (D:8)
10 creatures vanquished.

Vanquished Creatures (others)
  2 battlemagi (D:11)
  983 foxfires
  A plant (D:8)
986 creatures vanquished.

Grand Total: 1254 creatures vanquished

Notes
Turn   | Place    | Note
-------+----------+-------------------------------------------
     0 | D:1      | 101zpm the Djinni Fire Elementalist began the quest for the
                  | Orb.
     0 | D:1      | Reached XP level 1. HP: 15/15 MP: 0/0
   157 | D:1      | Reached XP level 2. HP: 21/21 MP: 0/0
   354 | D:1      | Reached skill level 3 in Spellcasting
   557 | D:1      | Reached XP level 3. HP: 25/25 MP: 0/0
   557 | D:1      | Learned a level 1 spell: Summon Small Mammal
   851 | D:2      | Found Somm's Book Shop.
  1062 | D:2      | Found a faded altar of an unknown god.
  1073 | D:2      | Reached XP level 4. HP: 30/31 MP: 0/0
  1394 | D:2      | Reached XP level 5. HP: 33/35 MP: 0/0
  1394 | D:2      | Learned a level 2 spell: Poisonous Vapours
  1595 | D:2      | Reached skill level 4 in Spellcasting
  2108 | D:3      | Found Fitzud's Jewellery Shoppe.
  2180 | D:4      | Noticed a bullfrog
  2185 | D:4      | Killed a bullfrog
  2186 | D:4      | Reached XP level 6. HP: 32/40 MP: 0/0
  2211 | D:4      | Reached skill level 5 in Spellcasting
  2240 | D:5      | Entered Level 5 of the Dungeon
  2240 | D:5      | Noticed an ice beast
  2244 | D:5      | Killed an ice beast
  2258 | D:5      | Reached XP level 7. HP: 41/45 MP: 0/0
  2258 | D:5      | Learned a level 2 spell: Wereblood
  2513 | D:4      | Reached skill level 6 in Spellcasting
  2582 | D:4      | Found a glowing drain.
  2591 | Sewer    | Entered a sewer
  2713 | Sewer    | Reached XP level 8. HP: 46/50 MP: 0/0
  2797 | Sewer    | Found a shimmering altar of Xom.
  2934 | D:5      | Reached skill level 7 in Spellcasting
  3285 | D:5      | Noticed a wyvern
  3289 | D:5      | Killed a wyvern
  3290 | D:5      | Reached skill level 8 in Spellcasting
  3290 | D:5      | Reached XP level 9. HP: 47/55 MP: 0/0
  3290 | D:5      | Learned a level 3 spell: Mephitic Cloud
  3360 | D:5      | Noticed Eustachio
  3366 | D:5      | Killed Eustachio
  3816 | D:5      | Found a shimmering altar of Xom.
  4724 | D:6      | Reached skill level 9 in Spellcasting
  4936 | D:6      | Found a runed translucent gate.
  4937 | D:6      | Found a runed translucent gate.
  4942 | D:6      | Found a runed translucent gate.
  4943 | D:6      | Noticed kalagan's ghost (novice DjCj)
  4944 | D:6      | Identified the +10 plate armour of the Invisible Hand
                  | {Int+5}
  5100 | D:6      | Reached skill level 10 in Spellcasting
  5100 | D:6      | Reached XP level 10. HP: 14/60 MP: 0/0
  5405 | D:6      | Identified the +9 long sword "Ynworak" {drain, rN+++ Str+9
                  | Dex-2}
  6058 | D:7      | Found a staircase to the Ecumenical Temple.
  6275 | Temple   | Entered the Ecumenical Temple
  6656 | Temple   | Became a worshipper of Hepliaklqana the Forgotten
  6743 | D:8      | Found a staircase to the Lair.
  6772 | D:8      | Noticed Maggie
  6777 | D:8      | Killed Maggie
  6778 | D:8      | Reached skill level 11 in Spellcasting
  6854 | D:8      | Found Van Wyle's Jewellery Boutique.
  7099 | D:8      | You are sucked into a shaft and drop 2 floors!
  7099 | D:10     | Entered Level 10 of the Dungeon
  7099 | D:10     | Noticed a kobold demonologist
  7107 | D:10     | Killed a kobold demonologist
  7140 | D:10     | Noticed a two-headed ogre
  7147 | D:10     | Killed a two-headed ogre
  7148 | D:10     | Reached skill level 12 in Spellcasting
  7148 | D:10     | Reached XP level 11. HP: 13/66 MP: 0/0
  7148 | D:10     | Learned a level 4 spell: Dispel Undead
  7278 | D:9      | Noticed Erolcha
  7284 | D:9      | Killed Erolcha
  7704 | D:9      | Reached skill level 13 in Spellcasting
  7834 | D:9      | Reached * piety under Hepliaklqana
  8366 | D:11     | Reached ** piety under Hepliaklqana
  8368 | D:11     | Remembered your ancestor Huemac as a battlemage
  8397 | D:11     | Noticed a five-headed hydra
  8401 | D:11     | Noticed a deep elf pyromancer
  8402 | D:11     | Killed a five-headed hydra
  8404 | D:11     | Noticed a deep elf pyromancer
  8405 | D:11     | Killed a deep elf pyromancer
  8406 | D:11     | Reached XP level 12. HP: 44/63 MP: 0/0
  8569 | D:11     | Reached skill level 14 in Spellcasting
  8654 | D:11     | Found a staircase to the Orcish Mines.
  8890 | D:11     | Noticed a death knight
  8897 | D:11     | Reached skill level 1 in Fighting
  8898 | D:11     | Killed by mirror damage

Illustrated notes

Levels and vault maps discovered:
D:1:      dpeg_arrival_morbid_curiosity, layout_basic, minmay_tromino_i2
D:2:      minmay_door_path, layout_loops_ring, serial_shops,
          nicolae_shop_hallway_stairs, nicolae_ecumenical_oubliette,
          st_stairs_12, roderic_st_hans_cross, minmay_tiny_reverse_x
D:3:      layout_rooms, serial_shops, nicolae_lakefront_shop,
          kennysheep_generic_room_5
D:4:      layout_basic, cheibrodos_sewer_entry_drain, minmay_mini_ossuary
D:5:      nicolae_BIG_FREAKIN_CUBE, layout_layer_cave, serial_rivers,
          chequers_serial_rivers_micro_a, chequers_serial_rivers_micro_a,
          chequers_serial_rivers_small_a, chequers_serial_rivers_micro_a,
          chequers_serial_rivers_micro_d, chequers_serial_rivers_micro_b,
          minmay_ruined_shrine, uniq_eustachio
D:6:      layout_loops_ring, biasface_ghost_orc_armoury
D:7:      layout_gridville, minmay_temple_entry_antechambers,
          gammafunk_ghost_nasty_kobolds
D:8:      minmay_evil_eye, layout_basic, nicolae_overflow_crystal_walls,
          dpeg_oklobed_lair, serial_shops, nicolae_shop_behind_doors,
          nicolae_underground_beach, uniq_maggie
D:9:      layout_basic, uniq_erolcha
D:10:     layout_big_octagon
D:11:     hangedman_cross_veins, layout_irregular_city, david_orc_3,
          nicolae_elevator_lobby_asterisk
Temple:   mainiacjoe_temple_trianglar_array

Skill      XL: |  1  2  3  4  5  6  7  8  9 10 11 12 |
---------------+-------------------------------------+-----
Spellcasting   | 3 4 5 6 8 10 12 13 14 | 14.4
Stealth        | 2 3 4 |  4.0
Dodging        | 3 |  3.2
Fighting       | 1 |  1.0
Armour         | |  0.1

Action                   |  1- 3 |  4- 6 |  7- 9 | 10-12 || total
-------------------------+-------+-------+-------+-------++-------
 Cast: Foxfire           |   124 |   165 |   168 |   172 ||   629
       Scorch            |     5 |    10 |    32 |    57 ||   104
       Inner Flame       |       |     8 |    79 |    85 ||   172
       Poisonous Vapours |       |     1 |    23 |    44 ||    68
       Wereblood         |       |       |     8 |     3 ||    11
       Summon Small Mamm |       |       |     4 |    10 ||    14
Invok: Ancestor Life: Ba |       |       |       |     1 ||     1
  Use: Scroll            |       |       |     3 |     8 ||    11
Armor: Robe              |     4 |     1 |       |     7 ||    12
Dodge: Dodged            |     8 |     3 |     7 |    23 ||    41
